woodfighter, lawful female human Knight --------- |.....<.| .*... -.- I#I# ##` # # #### ## ### #--.-- #|<..| #|.... #....| |...| ----- woodfighter the Esquire Experience level: 5 Strength: 25 Dexterity: 11 Constitution: 12 Intelligence: 9 Wisdom: 15 Charisma: 17 Health: 0(46) Energy: 35(35) Def: 8 Gold: 164 Moves: 2290 Dungeon seed: Jy1tPxH20jOC-wrs Game ID: woodfighter_1517137370 Your Inventory: Coins $ - 164 gold pieces Weapons a - a blessed +1 long sword (weapon in hand) b - a +1 lance (alternate weapon; not wielded) Armor e - an uncursed +1 ring mail (being worn) n - an uncursed +0 helmet (being worn) p - an uncursed +0 pair of jumping boots (being worn) q - a blessed +0 small shield (being worn) r - an uncursed +0 pair of leather gloves y - an uncursed +0 dwarvish cloak z - a cursed -3 helm of opposite alignment N - an uncursed +0 pair of gauntlets of power (being worn) Y - a cursed -1 pair of fumble boots Comestibles d - 13 uncursed apples f - 12 uncursed carrots g - 4 uncursed food rations i - 2 uncursed sprigs of wolfsbane j - an uncursed lichen corpse Scrolls u - a blessed scroll of light B - an uncursed scroll of gold detection C - an uncursed scroll of identify F - 2 uncursed scrolls of identify G - an uncursed scroll of light H - a blessed scroll of identify Spellbooks o - an uncursed spellbook of extra healing Potions v - an uncursed potion of extra healing D - a cursed potion of levitation J - an uncursed potion of healing K - 3 blessed potions of hallucination O - an uncursed potion of fruit juice Wands c - a wand of undead turning (0:8) l - a wand of enlightenment (0:11) t - a wand of secret door detection (0:11) x - a wand of magic missile (0:7) Tools w - an uncursed magic whistle W - an uncursed blindfold Spells and supernatural/magical abilities: Name Level Category Fail Memory W - pray for help -- divine ? -- X - turn undead -- divine ? -- Y - supernatural jump -- ability ? -- Your skills at the end: Miscellaneous Skills shield [Basic] wands [Basic] riding [Basic] Weapon Skills long sword [Basic] polearms [Basic] Spellcasting Skills Final Attributes: You were fervently aligned. You were blinded. You could jump. You are dead. Vanquished creatures: a large cat a yellow light a pony 3 elf zombies a floating eye a kitten 2 homunculi an iguana a rabid rat a centipede 2 jitterbugs 2 orc zombies a coyote a gas spore 2 giant rats 2 cave spiders a yellow mold 2 gnomes 2 manes 2 jackals a fox 2 kobolds 6 newts 3 goblins 8 grid bugs 7 lichens a kobold zombie 58 creatures vanquished. Voluntary challenges: You did not adorn yourself with jewelry or accessories. You did not cause conflict. You were not invisible. You did not have reflection. You were not displaced. You were an atheist. You used a wielded weapon 66 times, starting on turn 26. You did not apply a unicorn horn. You did not use plumbed fixtures. You did not drink any magical draughts. You were illiterate. You never genocided any monsters. You never polymorphed an object. You never changed form. You used no wishes. You never split a pudding. You never wrote Elbereth's name. You never violated your personal moral code. Dungeon overview: The Dungeons of Doom: levels 1 to 7 Level 1 a long staircase Level 2 (water) Level 3 an armor shop, a fountain Level 4 some fountains stairs to The Gnomish Mines Level 5 (locked box) a general store Level 6 many fountains Level 7 <- You were here a long staircase The Gnomish Mines: Level 5 stairs to The Dungeons of Doom History has recorded: On T:1 you entered the Dungeons of Doom to retrieve the Amulet of Yendor! On T:171 you reached level 2 of The Dungeons of Doom. On T:447 you advanced to experience level 2. On T:461 you reached level 3 of The Dungeons of Doom. On T:623 you advanced to experience level 3. On T:689 you reached level 4 of The Dungeons of Doom. On T:1176 you advanced to experience level 4. On T:1185 you reached level 5 of The Dungeons of Doom. On T:1218 you reached level 1 of The Gnomish Mines. On T:1507 you reached level 6 of The Dungeons of Doom. On T:1715 you advanced to experience level 5. On T:1853 you reached level 7 of The Dungeons of Doom. Score breakdown: Gold: 164 ( 16 points) Experience: 5 levels ( 400 points) Exploration: 7 levels ( 180 points) Discoveries: 17 items ( 850 points) Variety of kills: 27 monsters ( 1350 points) Major goal: (nothing yet) ( 0 points) Survival: died (score multiplied by 3) Total score: 8388 Latest messages: One of your legs feels somewhat better. Your leg feels somewhat better. You displace horsey. You stop exploring. You hack the large cat! The large cat bites! The large cat misses. The large cat bites! You hack the large cat! The large cat bites! You hack the large cat! The large cat bites! You kill the large cat! The yellow light explodes! You are blinded by a blast of light! Something was hidden under something! Something bites! You sense a monster nearby! Something bites! You kill it! You hear some noises. You have a sad feeling for a moment, then it passes. You attack thin air. Something kicks! Something bites! Something kicks! You die... Final status: Fare thee well woodfighter the Knight, killed by a horse... You died in The Dungeons of Doom on dungeon level 7 with 8388 points, and 164 pieces of gold, after 2290 moves. You were level 5 with a maximum of 46 hit points when you died.